 Dungeon Crawl Stone Soup version 0.17-a0-1849-g8a24fa2 (webtiles) character file.

5 Ololoev the Ducker (level 1, -3/16 HPs)
             Began as a Spriggan Abyssal Knight on Sept 18, 2015.
             Was a Follower of Lugonu.
             Slain by a small abomination (7 damage)
             ... on level 4 of the Abyss.
             The game lasted 00:02:09 (487 turns).

Ololoev the Ducker (Spriggan Abyssal Knight)         Turns: 487, Time: 00:02:09

Health: -3/16      AC: 20    Str:  8    XL:     1   Next: 66%
Magic:  3/3        EV:  4    Int: 13    God:    Lugonu [*.....]
Gold:   70         SH:  0    Dex: 15    Spells: 0 memorised, 0 levels left

rFire  . . .     SeeInvis +     a - +2 spear
rCold  . . .     Clarity  .     (armour currently unavailable)
rNeg   + + +     SustAt   .     (shield restricted)
rPois  +         Gourm    .     (helmet currently unavailable)
rElec  .         Spirit   .     (cloak currently unavailable)
rCorr  .         Warding  .     (gloves unavailable)
rMut   .         NoTele   +     (boots unavailable)
MR     .....                    (no amulet)
Stlth  +.........               (no ring)
                                (no ring)

@: tree-form, very slightly contaminated, not resistant to hostile enchantments,
very unstealthy
A: unfitting armour, see invisible, herbivore 3, (speed 0), slow metabolism 2
a: Depart the Abyss, Renounce Religion


Innate Abilities, Weirdness & Mutations

You are tiny and cannot use many weapons and most armour.
You have supernaturally acute eyesight.
You are a herbivore.
((You cover ground extremely quickly.))
You need consume almost no food.

Inventory:

Hand weapons
 a - a +2 spear (weapon)
Armour
 b - a +0 robe (melded)
Magical devices
 h - a wand of draining (7)
Potions
 d - a potion of magic
Comestibles
 c - a bread ration


   Skills:
 + Level 2.6 Fighting
 + Level 1.5 Polearms
 + Level 3.6 Dodging
 + Level 1.7 Invocations


You couldn't memorise any spells.
You didn't know any spells.


You were on level 4 of the Abyss.
You worshipped Lugonu.
Lugonu was aware of your devotion.
You were not hungry.
You were a tree.
You visited 0 branches of the dungeon, and saw 0 of its levels.
You visited the Abyss 1 time.

You collected 70 gold pieces. #. .#### . #CD

#......#.. ##
S ## .#.....
#. ###. # ..
.x. ##.a
##... .. . .
.. #.#..# .
.## .
#..######.##.
..## #
#..##.....#..
.#.# #..##♣.#
.. #.. ## #.
.+x##.### .
... #... #
.+..#.# # . #
#. ####.##.#
. .. . .
##.§### ....
.... ## #∩###
# . ..## .#
..... . #. .
.. # . ##

Notes
Turn   | Place    | Note
--------------------------------------------------------------
     0 | Abyss:1  | Ololoev the Spriggan Abyssal Knight began the quest for the Orb.
     0 | Abyss:1  | Reached XP level 1. HP: 11/11 MP: 3/3
   106 | Abyss:2  | Found an iron altar of Okawaru.
   139 | Abyss:2  | Noticed a raiju
   213 | Abyss:2  | Noticed a ynoxinul
   217 | Abyss:2  | Noticed a starcursed mass
   220 | Abyss:2  | Noticed an eight-headed hydra skeleton
   222 | Abyss:2  | Noticed a flying skull
   222 | Abyss:2  | Noticed a flying skull
   225 | Abyss:2  | Noticed a flying skull
   289 | Abyss:3  | Noticed a small abomination
   403 | Abyss:3  | Noticed a small abomination
   413 | Abyss:4  | Found a corrupted altar of Lugonu.
   443 | Abyss:4  | Noticed an ancient zyme
   468 | Abyss:4  | Noticed a queen ant
   468 | Abyss:4  | Noticed a fire dragon
   468 | Abyss:4  | Noticed a hill giant
   468 | Abyss:4  | Noticed an anaconda
   473 | Abyss:4  | Noticed a small abomination
   487 | Abyss:4  | Slain by a small abomination

Dungeon Overview and Level Annotations

Branches:
Dungeon (0/15)

Altars:


Message History

Here: an anaconda (fast, slightly transparent, hasn't noticed you)
The floor.
There is a large open door here.
You close the large door.
Drink which item? (? for menu, Esc to quit)
It was a potion of lignification.
You turn into a tree.
Your +0 robe melds into your body.
Your roots penetrate the ground.
The small abomination hits you but does no damage.
Drink which item? (? for menu, Esc to quit)
Okay, then.
You aren't carrying any spellbooks or scrolls.
Evoke which item? (* to show all) (? for menu, Esc to quit)
Okay, then.
You closely miss the small abomination.
The small abomination hits you but does no damage.
You closely miss the small abomination.
The small abomination hits you but does no damage.
You closely miss the small abomination.
The small abomination hits you but does no damage.
The small abomination barely misses you.
You barely miss the small abomination.
The small abomination barely misses you.
You closely miss the small abomination.
The small abomination hits you but does no damage.
The small abomination hits you.
You closely miss the small abomination.
The small abomination hits you but does no damage.
You barely miss the small abomination.
The small abomination hits you but does no damage. x2
You hit the small abomination.
The small abomination is lightly damaged.
The small abomination hits you.
You hit the small abomination but do no damage.
The small abomination is lightly damaged.
The small abomination hits you.
You hit the small abomination but do no damage.
The small abomination is lightly damaged.
The small abomination barely misses you.
The small abomination hits you!
You die...

You could see a small abomination.

Vanquished Creatures
  An ufetubus (Abyss:2)
1 creature vanquished.

Vanquished Creatures (others)
  A bush (Abyss:3)
  2 plants (Abyss:3)
3 creatures vanquished.

Grand Total: 4 creatures vanquished

Action                   || total
-------------------------++-------
Melee: Spear             ||    16
  Use: Scroll            ||     3
       Potion            ||     1

Vault maps used:
Abyss:3:  nicolae_abyss_rune_left_handed, evilmike_abyss_exit_plants
Abyss:4:  bh_abyss_exit_spiral, evilmike_abyss_rune_seething_chaos,
          hangedman_abyss_or_decor_stabs
